 Dungeon Crawl Stone Soup version 0.30-a0-920-g7493c07aab (webtiles) character file.

Game seed: 7087066495629674503

417 Jeffwins the Shooter (level 7, 0/46 HPs)
             Began as a Human Wanderer on Mar 22, 2023.
             Slain by an orc
             ... wielding a +0 falchion
              (4 damage)
             ... on level 4 of the Dungeon.
             The game lasted 00:04:07 (2446 turns).

Jeffwins the Shooter (Human Wanderer)               Turns: 2446, Time: 00:04:08

Health: 0/46       AC:  5    Str: 10    XL:     7   Next: 15%
Magic:  2/2        EV: 12    Int: 18    God:
Gold:   112        SH:  0    Dex: 17    Spells: 6/8 levels left

rFire   . . .      SeeInvis .    b - +2 sling (antimagic)
rCold   . . .      Faith    .    (no shield)
rNeg    . . .      Spirit   .    e - +0 leather armour
rPois   .          Reflect  .    o - +0 helmet
rElec   .          Rampage  .    (no cloak)
rCorr   .                        (no gloves)
Will    .....                    c - +0 pair of boots
Stlth   ++                       (no amulet)
HPRegen 0.27/turn                X - +6 ring of dexterity
MPRegen 0.08/turn                (no ring)

@: no status effects
A: no striking features
a: no special abilities


You were on level 4 of the Dungeon.
You visited 1 branch of the dungeon, and saw 4 of its levels.

You collected 112 gold pieces.


   Skills:
 * Level 4.0 Ranged Weapons
 + Level 3.4 Throwing
 - Level 2.0 Armour
 - Level 2.0 Dodging
 + Level 3.2 Stealth
 - Level 1.0 Spellcasting
 + Level 2.1 Air Magic
 + Level 2.5 Poison Magic
 - Level 1.0 Evocations


You had 6 spell levels left.
You knew the following spells:

 Your Spells              Type           Power      Damage    Failure   Level
z - Poisonous Vapours     Pois/Air       18%        N/A       16%         2

Your spell library contained the following spells:

 Spells                   Type           Power      Damage    Failure   Level
 Cigotuvi's Dreadful Rot  Necr/Pois/Air  12%        N/A       22%         2

Inventory:

Hand Weapons
 a - a +2 dagger
 b - a +2 antimagic sling (weapon)
 m - a +1 vampiric dagger
Missiles
 f - 4 curare-tipped darts {=f}
Armour
 c - a +0 pair of boots (worn)
 e - a +0 leather armour (worn)
 o - a +0 helmet (worn)
Jewellery
 X - a +6 ring of dexterity (left hand)
Scrolls
 h - 2 scrolls of identify {@r1}
 j - a scroll of silence {!r}
 k - 2 scrolls of immolation {!r}
 q - 2 scrolls of vulnerability {!r}
 r - a scroll of blinking
 s - 4 scrolls of teleportation {@r4}
Potions
 d - 2 potions of might
 g - 2 potions of mutation {unknown}
 i - 3 potions of curing {unknown}
 l - a potion of flight {unknown}
 n - a potion of heal wounds {@q2}
 p - a potion of lignification {unknown}

Dungeon Overview and Level Annotations

Branches:
Dungeon (4/15)
 Temple: D:4-7

Altars:

... .... .. #..# .##..#
##o..# ##o.# ##..##
########o.##
#......o### #....@o##
### #......## ##.###
#.......# #....##
##.......## #.....##
##.........##
#......###...........#
#......##..#.........#
##[......###.........##
#......## #..........#


You could see 2 orc priests and 3 orcs.


Message History

You shoot a sling bullet.
The sling bullet hits the howler monkey!
You kill the howler monkey!
The orc priest invokes the aid of Beogh against you.
Beogh smites you! The orc hits you with a +0 dagger.
Your Ranged Weapons skill increases to level 4!
You shoot a sling bullet.
The sling bullet closely misses the orc.
The sling bullet barely misses the orc.
The orc priest looks braver for a moment.
The orc barely misses you.
Unknown command.
You shoot a sling bullet. The sling bullet hits the orc.
The orc is moderately wounded.
An orc comes into view. It is wielding a +0 whip.
You shoot a sling bullet. The sling bullet hits the orc.
The orc is lightly wounded.
You hear a shout!
The orc priest mumbles some strange prayers to Beogh against you.
Beogh smites you!
* * * LOW HITPOINT WARNING * * *
The orc barely misses you. The orc attacks as you move away!
The orc hits you but does no damage.
An orc priest comes into view. It is wielding a +0 hand axe.
There is an escape hatch in the ceiling here.
The orc priest mumbles some strange prayers to Beogh against you.
Beogh smites you!
* * * LOW HITPOINT WARNING * * *
The orc hits you with a +0 falchion.
You die...

Skill      XL: |  1  2  3  4  5  6  7 |
---------------+----------------------+-----
Ranged Weapons | 1 2 3 4 |  4.0
Stealth        | 2 3 |  3.2
Throwing       | 3 |  3.4
Air Magic      | 1 2 |  2.1
Poison Magic   | 2 |  2.5
Armour         | |  2.0
Dodging        | |  2.0
Spellcasting   | |  1.0
Evocations     | |  1.0

Action                     |  1- 3 |  4- 6 |  7- 9 || total
---------------------------+-------+-------+-------++-------
  Melee: Sling             |       |     2 |       ||     2
   Fire: Sling             |    85 |   123 |    19 ||   227
    Use: Scroll            |       |     2 |     3 ||     5
 Armour: Robe              |     3 |       |       ||     3
         Leather armour    |    15 |    22 |     2 ||    39
  Dodge: Dodged            |    31 |    51 |    10 ||    92

Levels and vault maps discovered:
D:1:      psy_arrival_whirlpool, layout_loops_ring
D:2:      layout_basic, uniq_robin, uniq_sigmund, uniq_jessica
D:3:      layout_rooms
D:4:      layout_cave_pods, ebering_ghost_sewer_d

Notes
Turn   | Place    | Note
-------+----------+-------------------------------------------
     0 | D:1      | Jeffwins the Human Wanderer began the quest for the Orb.
     0 | D:1      | Jeffwins set off with the following items: a +2 dagger, 4
                  | curare-tipped darts {=f}, a +0 pair of boots, a potion of
                  | might, a +0 robe; and the following spells available to
                  | memorise: Poisonous Vapours, Cigotuvi's Dreadful Rot.
     0 | D:1      | Reached XP level 1. HP: 13/13 MP: 2/2
   144 | D:1      | Reached XP level 2. HP: 19/19 MP: 1/3
   165 | D:1      | Reached skill level 1 in Ranged Weapons
   350 | D:1      | Reached XP level 3. HP: 24/24 MP: 1/4
   538 | D:1      | Learned a level 2 spell: Poisonous Vapours
   766 | D:2      | Reached skill level 2 in Ranged Weapons
   969 | D:2      | Reached XP level 4. HP: 30/30 MP: 1/5
  1143 | D:2      | Noticed Jessica
  1146 | D:2      | Killed Jessica
  1147 | D:2      | Reached skill level 2 in Stealth
  1229 | D:2      | Noticed Robin
  1258 | D:2      | Killed Robin
  1259 | D:2      | Reached XP level 5. HP: 28/35 MP: 2/6
  1345 | D:2      | Noticed Sigmund
  1663 | D:2      | Killed Sigmund
  1664 | D:2      | Reached skill level 3 in Ranged Weapons
  1664 | D:2      | Reached skill level 3 in Throwing
  1664 | D:2      | Reached skill level 1 in Air Magic
  1664 | D:2      | Reached skill level 2 in Poison Magic
  1664 | D:2      | Reached XP level 6. HP: 28/41 MP: 2/7
  2033 | D:3      | Reached skill level 3 in Stealth
  2158 | D:3      | Reached skill level 2 in Air Magic
  2158 | D:3      | Reached XP level 7. HP: 32/46 MP: 2/8
  2441 | D:4      | Reached skill level 4 in Ranged Weapons
  2446 | D:4      | HP: 4/46 [orc priest/divine providence (15)]
  2446 | D:4      | Slain by an orc

Vanquished Creatures
  Sigmund (D:2)
  A howler monkey (D:4)
  2 orc priests (D:3)
  Jessica (D:2)
  An orc wizard (D:3)
  Robin (D:2)
  3 adders
  2 dart slugs
  2 orcs (D:3)
  9 bats (D:1)
  2 endoplasms (D:1)
  4 giant cockroaches
  15 goblins
  2 hobgoblins (D:2)
  4 quokkas
  5 ball pythons
  2 frilled lizards
  2 kobolds (D:1)
  3 rats
62 creatures vanquished.

Table legend: (Time is in decaauts)
 A = Elapsed time spent in this place.
 B = Non-inter-level travel time spent in this place.
 C = Inter-level travel time spent in this place.
 D = Time resting spent in this place.
 E = Time spent auto-exploring this place.
 F = Levels seen in this place.
 G = Mean time per level.
                   A        B        C        D        E       F      G
               +--------+--------+--------+--------+--------+-----+--------+
         Total |   2523 |   2495 |     28 |    203 |   1692 |   4 |  630.8 |
       Dungeon |   2523 |   2495 |     28 |    203 |   1692 |   4 |  630.8 |
               +--------+--------+--------+--------+--------+-----+--------+

Top non-repeatable levels by time:
     D:2: 1164 daAuts
     D:1: 860 daAuts
     D:3: 410 daAuts
     D:4: 88 daAuts

Table legend:
 A = Non-vault XP
 B = Vault XP
 C = Vault XP percentage of total XP
 D = Non-vault monster count
 E = Vault monster count
 F = Vault count percentage of total count
                 A         B        C        D         E       F
            +---------+---------+-------+---------+---------+-------
      Total |     278 |     318 |  53.4 |      47 |      15 |  24.2
            +---------+---------+-------+---------+---------+-------
        D:1 |      38 |       0 |   0.0 |      23 |       0 |   0.0
        D:2 |      43 |     318 |  88.1 |      11 |      15 |  57.7
        D:3 |     139 |       0 |   0.0 |       9 |       0 |   0.0
        D:4 |      58 |       0 |   0.0 |       4 |       0 |   0.0
            +---------+---------+-------+---------+---------+-------
